 Dungeon Crawl Stone Soup version 0.21.1-1-g345015f (webtiles) character file.

746 Drak the Bolt Thrower (level 8, -4/45 HPs)
             Began as a Kobold Arcane Marksman on June 19, 2018.
             Was a Follower of Nemelex Xobeh.
             Killed from afar by an electric eel (7 damage)
             ... with a bolt of electricity
             ... on level 6 of the Dungeon.
             The game lasted 00:55:46 (5879 turns).

Drak the Bolt Thrower (Kobold Arcane Marksman)      Turns: 5879, Time: 00:55:46

Health: -4/45      AC:  6    Str:  8    XL:     8   Next: 5%
Magic:  11/12      EV: 15    Int: 15    God:    Nemelex Xobeh [*.....]
Gold:   286        SH:  0    Dex: 16    Spells: 2/12 levels left

rFire    + . .     SeeInvis .   a - +0 arbalest
rCold    x . .     Gourm    .   (shield currently unavailable)
rNeg     . . .     Faith    .   l - +0 leather armour
rPois    .         Spirit   .   h - +0 helmet (curse)
rElec    .         Reflect  .   M - +0 cloak
rCorr    .         Harm     .   (no gloves)
MR       +....                  I - +0 pair of boots
Stlth    ++........             (no amulet)
HPRegen  0.15/turn              p - ring of fire
MPRegen  0.13/turn              C - ring of protection from magic

@: no status effects
A: small, carnivore
a: Renounce Religion


You were on level 6 of the Dungeon.
You worshipped Nemelex Xobeh.
Nemelex Xobeh was aware of your devotion.
You were very full.

You visited 2 branches of the dungeon, and saw 7 of its levels.

You collected 286 gold pieces.

Inventory:

Hand Weapons
 a - a +0 arbalest (weapon)
 b - a +1 rapier of venom
 j - a +0 hunting sling
 u - a +1 short sword of holy wrath
 B - a +1 dagger of protection
 G - a +0 hand crossbow
 J - a +0 dire flail of protection
Missiles
 d - 42 bolts (quivered)
 g - 90 arrows
 m - 219 stones
Armour
 e - a +0 robe
 h - a cursed +0 helmet (worn)
 l - a +0 leather armour (worn)
 I - a +0 pair of boots (worn)
 M - a +0 cloak (worn)
 N - a +3 scale mail of cold resistance
Magical Staves
 E - an uncursed staff of fire
Jewellery
 p - a ring of fire (left hand)
 s - an uncursed ring of ice
 C - a ring of protection from magic (right hand)
Wands
 A - a wand of polymorph (12)
 L - a wand of random effects (20)
 O - a wand of disintegration (12)
Scrolls
 q - 3 scrolls of amnesia
 t - 2 scrolls of immolation
 x - a scroll of remove curse
 F - 2 scrolls of identify
 H - a scroll of magic mapping
 K - a scroll of noise {unknown}
Potions
 i - 2 potions of heal wounds {unknown}
 k - a potion of magic {unknown}
 n - a potion of brilliance {unknown}
 o - 2 potions of haste {unknown}
 r - a potion of flight {unknown}
 v - a potion of resistance {unknown}
 w - a potion of mutation {unknown}
 z - a potion of degeneration {unknown}
 D - 2 potions of curing
Books
 c - a book of Debilitation

   Spells                             Type                      Level
   a - Corona                         Hexes                        1
   b - Slow                           Hexes                        2
   c - Inner Flame                    Hexes/Fire                   3
   d - Portal Projectile              Hexes/Translocation          3
   e - Cause Fear                     Hexes                        4
   f - Leda's Liquefaction            Hexes/Earth                  4
 y - a book of Minor Magic

   Spells                             Type                      Level
   a - Magic Dart                     Conjuration                  1
   b - Blink                          Translocation                2
   c - Call Imp                       Summoning                    2
   d - Slow                           Hexes                        2
   e - Conjure Flame                  Conjuration/Fire             3
   f - Mephitic Cloud                 Conjuration/Poison/Air       3
Comestibles
 f - 10 rations


   Skills:
 + Level 2.8 Fighting
 + Level 2.9 Short Blades
 + Level 5.0 Crossbows
 + Level 2.4 Armour
 + Level 3.2 Dodging
 + Level 2.0 Stealth
 + Level 2.9 Spellcasting
 + Level 4.6 Hexes
 + Level 1.5 Fire Magic
 + Level 0.2 Invocations


You had 2 spell levels left.
You knew the following spells:

 Your Spells              Type           Power        Failure   Level  Hunger
a - Corona                Hex            ###....      4%          1    #......
b - Slow                  Hex            ###.....     6%          2    ##.....
c - Inner Flame           Hex/Fire       ###.....     24%         3    ###....
d - Cause Fear            Hex            ###.......   38%         4    #####..


Dungeon Overview and Level Annotations

Branches:
Dungeon (6/15)             Temple (1/1) D:5

Altars:
Ashenzari
Cheibriados
Dithmenos
Elyvilon
Fedhas
Gozag
Kikubaaqudgha
Nemelex Xobeh
Okawaru
Qazlal
Ru
Sif Muna
Trog
Uskayaw
Vehumet
Wu Jian
Yredelemnul
Zin
The Shining One

Annotations:
D:5 exclusion: oklob plant


Innate Abilities, Weirdness & Mutations

You are small and have problems with some larger weapons.
You are carnivorous and can eat meat at any time.


Message History

Press: ? - help, Shift-Dir - straight line, f/p - electric eel
Aim: an electric eel (water, chance to defeat MR: 62%)
The electric eel is outlined in light.
The electric eel shoots out a bolt of lightning at you!
The bolt of electricity hits you!
Firing (i - inventory. (,) - cycle):
d - 43 bolts (quivered)
Press: ? - help, Shift-Dir - straight line, f/p - electric eel
Aim: an electric eel (water, softly glowing)
You shoot a bolt.
The bolt completely misses the electric eel.
You hear a splash.
The electric eel shoots out a bolt of lightning at you!
The bolt of electricity hits you!
* * * LOW HITPOINT WARNING * * *
The dart slug launches a dart at you. The slug dart misses you.
The electric eel shoots out a bolt of lightning at you!
The bolt of electricity hits you!
You die...
Your body glows slightly and disappears.

.# #####. ..#
....#. ...#
.....## #...#
##....## #.....
###......####.....
≈≈............#
≈≈≈.#....@...#
≈≈≈≈≈....##..#
≈#;≈≈≈...##..##
≈≈≈≈≈#J.####..#
≈≈≈≈≈≈≈%# #..#
≈≈≈≈≈≈≈≈# #..##
.#...≈≈w#
##..####..##
.?.=.≈≈..
#..<.......
.≈≈.≈≈≈≈.
#............


You could see a jelly and an electric eel.

Vanquished Creatures
  Edmund (D:5)
  A sky beast (D:5)
  An ogre (D:4)
  A scorpion (D:5)
  A howler monkey (D:4)
  A hound (D:5)
  An orc wizard (D:4)
  An orc priest (D:4)
  Ijyb (D:3)
  Terence (D:2)
  3 worker ants (D:4)
  4 adders
  3 oozes
  A worm (D:2)
  4 dart slugs
  3 leopard geckos
  12 orcs
  2 giant cockroaches
  6 goblins
  11 hobgoblins
  8 jackals
  2 quokkas
  2 ball pythons
  5 bats
  3 frilled lizards
  7 kobolds
  9 rats
95 creatures vanquished.

Notes
Turn   | Place    | Note
-------+----------+-------------------------------------------
     0 | D:1      | Drak the Kobold Arcane Marksman began the quest for the Orb.
     0 | D:1      | Reached XP level 1. HP: 12/12 MP: 2/2
   171 | D:1      | Reached XP level 2. HP: 16/16 MP: 0/3
   178 | D:1      | Learned a level 2 spell: Slow
   435 | D:1      | Reached skill level 3 in Crossbows
   942 | D:1      | Reached XP level 3. HP: 11/20 MP: 1/5
  1628 | D:2      | Noticed Terence
  1996 | D:2      | Killed Terence
  1996 | D:2      | Reached skill level 1 in Stealth
  1996 | D:2      | Reached XP level 4. HP: 7/25 MP: 4/6
  2170 | D:2      | Reached skill level 1 in Short Blades
  2394 | D:2      | Learned a level 3 spell: Inner Flame
  2602 | D:3      | Reached skill level 1 in Armour
  2602 | D:3      | Reached XP level 5. HP: 29/29 MP: 1/7
  2729 | D:3      | Found a shadowy altar of Dithmenos.
  3046 | D:3      | Found a sparkling altar of Nemelex Xobeh.
  3060 | D:3      | Became a worshipper of Nemelex Xobeh the Trickster
  3087 | D:3      | Received a gift from Nemelex Xobeh
  3155 | D:3      | Noticed Ijyb
  3169 | D:3      | Killed Ijyb
  3562 | D:4      | Reached skill level 4 in Crossbows
  3574 | D:4      | Reached XP level 6. HP: 27/34 MP: 5/8
  3659 | D:4      | Noticed an ogre
  3708 | D:4      | Killed an ogre
  3916 | D:4      | Reached skill level 1 in Fire Magic
  3916 | D:4      | Reached XP level 7. HP: 40/40 MP: 6/10
  3922 | D:4      | Learned a level 4 spell: Cause Fear
  4354 | D:4      | Reached * piety under Nemelex Xobeh
  4455 | D:5      | Entered Level 5 of the Dungeon
  4629 | D:5      | Found a staircase to the Ecumenical Temple.
  4639 | Temple   | Entered the Ecumenical Temple
  5053 | D:5      | Found a hide-covered altar of Uskayaw.
  5226 | D:5      | Noticed Edmund
  5266 | D:5      | Killed Edmund
  5416 | D:5      | Reached skill level 5 in Crossbows
  5416 | D:5      | Reached XP level 8. HP: 20/45 MP: 12/12
  5617 | D:5      | Found a blossoming altar of Fedhas.
  5636 | D:5      | Noticed an oklob plant
  5879 | D:6      | Killed from afar by an electric eel

Skill      XL: |  1  2  3  4  5  6  7  8 |
---------------+-------------------------+-----
Crossbows      | 3 4 5 |  5.0
Stealth        | 1 2 |  2.0
Short Blades   | 1 2 |  2.9
Armour         | 1 2 |  2.4
Dodging        | 3 |  3.2
Spellcasting   | 2 |  2.9
Hexes          | 4 |  4.6
Fighting       | 2 |  2.8
Fire Magic     | 1 |  1.5
Invocations    | |  0.2

Action                   |  1- 3 |  4- 6 |  7- 9 || total
-------------------------+-------+-------+-------++-------
Melee: Dagger            |    54 |       |       ||    54
       Rapier            |     4 |    60 |    52 ||   116
       Unarmed           |       |     3 |       ||     3
       Hand crossbow     |       |     1 |       ||     1
       Arbalest          |       |       |     1 ||     1
 Fire: Hand crossbow     |    70 |    40 |    16 ||   126
       Arbalest          |       |       |    21 ||    21
Throw: Stone             |       |     6 |       ||     6
 Cast: Corona            |    41 |    22 |    16 ||    79
       Slow              |     6 |     7 |     1 ||    14
       Inner Flame       |       |     3 |     3 ||     6
Evoke: Deck              |       |     5 |       ||     5
  Use: Scroll            |     9 |     1 |     1 ||    11
       Potion            |       |     1 |       ||     1
 Stab: Sleeping          |     1 |       |     1 ||     2
  Eat: Chunk             |    13 |     9 |     5 ||    27
Armor: Leather armour    |    16 |     9 |    14 ||    39
Dodge: Dodged            |    83 |    47 |    43 ||   173
